 Dungeon Crawl Stone Soup version 0.26-a0-597-gb535b0901c (webtiles) character file.

Game seed: 15132529668055701638

65 hickop the Ducker (level 4, 0/30 HPs)
             Began as a Merfolk Hedge Wizard on Sept 11, 2020.
             Slain by a jackal (1 damage)
             ... on level 2 of the Dungeon.
             The game lasted 00:08:26 (2036 turns).

hickop the Ducker (Merfolk Hedge Wizard)            Turns: 2036, Time: 00:08:26

Health: 0/30       AC:  4    Str: 10    XL:     4   Next: 14%
Magic:  2/9        EV: 13    Int: 14    God:
Gold:   48         SH:  0    Dex: 13    Spells: 8/9 levels left

rFire    . . .     SeeInvis .   a - +1 dagger
rCold    . . .     Faith    .   (no shield)
rNeg     . . .     Spirit   .   b - +0 robe
rPois    .         Reflect  .   c - +1 hat
rElec    .         Harm     .   (no cloak)
rCorr    .                      k - +0 pair of gloves
MR       .....                  (no boots)
Stlth    ++........             (no amulet)
HPRegen  0.10/turn              (no ring)
MPRegen  0.11/turn              (no ring)

@: lethally poisoned (0 -> -6)
A: change form in water, swift swim, stealthy swim
a: no special abilities


You were on level 2 of the Dungeon.
You visited 1 branch of the dungeon, and saw 2 of its levels.

You collected 48 gold pieces.

Inventory:

Hand Weapons
 a - a +1 dagger (weapon)
Missiles
 j - 4 stones (quivered)
Armour
 b - a +0 robe (worn)
 c - a +1 hat (worn)
 k - a +0 pair of gloves (worn)
Jewellery
 d - a cursed -4 ring of slaying {unknown}
Scrolls
 i - a scroll of identify {unknown}
 l - a scroll of enchant weapon
Potions
 e - a potion of curing {unknown}
 f - 2 potions of heal wounds {unknown}
 g - a potion of might {unknown}
 h - a potion of resistance {unknown}


   Skills:
 + Level 0.3 Throwing
 + Level 3.6 Dodging
 + Level 3.1 Stealth
 + Level 3.4 Spellcasting
 + Level 1.6 Conjurations
   Level 1.0 Summonings
   Level 0.7 Translocations


You had 8 spell levels left.
You knew the following spells:

 Your Spells              Type           Power        Failure   Level
a - Magic Dart            Conj           #...         11%         1

Your spell library contained the following spells:

 Spells                   Type           Power        Failure   Level
 Call Imp                 Summ           #.......     21%         2
 Blink                    Tloc           N/A          24%         2
 Slow                     Hex            #.......     30%         2
 Conjure Flame            Conj/Fire      #.......     41%         3
 Mephitic Cloud           Conj/Pois/Air  #.......     45%         3


Dungeon Overview and Level Annotations

Branches:
Dungeon (2/15)

Altars:


Message History

You closely miss the adder.
The adder is severely wounded.
The adder barely misses you. The adder bites you.
* * * LOW HITPOINT WARNING * * *
You are lethally poisoned!
The adder poisons you!
You hit the adder.
The adder is severely wounded.
* * * LOW HITPOINT WARNING * * *
You feel sick. The adder bites you.
* * * LOW HITPOINT WARNING * * *
You barely miss the adder.
The adder is severely wounded.
* * * LOW HITPOINT WARNING * * *
You feel sick. The adder closely misses you.
You hit the adder.
You kill the adder!
You have reached level 4!
The jackal bites you.
You die...

#.########.......#
######.#..............#
#.....>............####
#.....##.#......#.....#
#....h.h.#..######.##.#
#.....####..# #..#.#..
#.......))†.#######.#.#.#
###......####.h.....#...#.#
#........# ###@....##..#.#
#.#......# #.........#.#
#.###....# ##....###.#.#
#.# #.#### #....# #.#.# #.#
#.####### #....# #...#
#.###.......# #....# ##..#
#.##........# ###### #..#
#.##........# #..#
#.##........# #..#


You could see a jackal.

Vanquished Creatures
  3 adders (D:2)
  A dart slug (D:1)
  2 leopard geckos
  2 giant cockroaches
  5 goblins
  4 hobgoblins
  3 jackals (D:2)
  4 bats
  2 frilled lizards (D:1)
  5 kobolds
  A rat (D:1)
32 creatures vanquished.

Notes
Turn   | Place    | Note
-------+----------+-------------------------------------------
     0 | D:1      | hickop the Merfolk Hedge Wizard began the quest for the
                  | Orb.
     0 | D:1      | Reached XP level 1. HP: 13/13 MP: 4/4
   588 | D:1      | Reached skill level 1 in Conjurations
   621 | D:1      | Reached XP level 2. HP: 19/19 MP: 1/6
  1584 | D:2      | Reached XP level 3. HP: 24/24 MP: 4/7
  2035 | D:2      | HP: 1/24 [poisoned by an adder]
  2036 | D:2      | Reached XP level 4. HP: 1/30 MP: 2/9
  2036 | D:2      | Slain by a jackal

Illustrated notes

Levels and vault maps discovered:
D:1:      moated_graveyard_arrival, layout_loops_corners
D:2:      layout_basic

Skill      XL: |  1  2  3 |
---------------+----------+-----
Conjurations   | 1 |  1.6
Dodging        | 3 |  3.6
Stealth        | 3 |  3.1
Throwing       | |  0.3
Spellcasting   | |  3.4
Summonings     | |  1.0
Translocations | |  0.7

Action                   |  1- 3 |  4- 6 || total
-------------------------+-------+-------++-------
Melee: Dagger            |    61 |       ||    61
 Cast: Magic Dart        |    72 |       ||    72
  Use: Scroll            |     4 |       ||     4
 Stab: Sleeping          |     1 |       ||     1
Armor: Robe              |    15 |       ||    15
Dodge: Dodged            |    55 |       ||    55

Table legend: (Time is in decaauts)
 A = Elapsed time spent in this place.
 B = Non-inter-level travel time spent in this place.
 C = Inter-level travel time spent in this place.
 D = Time resting spent in this place.
 E = Time spent auto-exploring this place.
 F = Levels seen in this place.
 G = Mean time per level.
                   A        B        C        D        E       F      G
               +--------+--------+--------+--------+--------+-----+--------+
         Total |   2035 |   2015 |     20 |    358 |   1362 |   2 | 1017.5 |
       Dungeon |   2035 |   2015 |     20 |    358 |   1362 |   2 | 1017.5 |
               +--------+--------+--------+--------+--------+-----+--------+

Top non-repeatable levels by time:
     D:1: 1445 daAuts
     D:2: 589 daAuts
